 Dungeon Crawl Stone Soup version 0.31-a0-236-g9a0961fb85 (webtiles) character file.

Game seed: 18264592771865646911

103 qw the Shooter (level 4, -1/36 HPs)
             Began as a Minotaur Hexslinger on July 9, 2023.
             Slain by a gnoll
             ... wielding a +0 whip
             ... led by a gnoll bouda
              (4 damage)
             ... on level 4 of the Dungeon.
             The game lasted 00:00:41 (1432 turns).

qw the Shooter (Minotaur Hexslinger)                Turns: 1432, Time: 00:00:42

Health: -1/36      AC:  3    Str: 13    XL:     4   Next: 51%
Magic:  4/4        EV: 12    Int: 10    God:
Gold:   112        SH:  0    Dex: 14    Spells: 4/5 levels left

rFire   . . .        Y - +1 sling
rCold   . . .        (no shield)
rNeg    . . .        f - +0 leather armour
rPois   .            (helmet restricted)
rElec   .            (no cloak)
rCorr   .            (no gloves)
SInv    .            (no boots)
Will    .....        (no amulet)
Stlth   +            (no ring)
HPRegen 0.26/turn    (no ring)
MPRegen 0.09/turn

%: no passive effects
@: no status effects
A: horns 2, retaliatory headbutt
a: no special abilities


You were on level 4 of the Dungeon.
You visited 1 branch of the dungeon, and saw 3 of its levels.

You collected 112 gold pieces.


Innate Abilities, Weirdness & Mutations

You have a pair of horns on your head.
You reflexively headbutt those who attack you in melee.


   Skills:
 + Level 2.0 Fighting
 - Level 5.0 Ranged Weapons
 - Level 2.1 Dodging
 - Level 1.0 Spellcasting
 - Level 2.0 Hexes


You had 4 spell levels left.
You knew the following spells:

 Your Spells              Type           Power      Damage    Failure   Level
a - Slow                  Hex            16%        N/A       19%         1

Your spell library contained the following spells:

 Spells                   Type           Power      Damage    Failure   Level
 Inner Flame              Hex/Fire       2%         N/A       65%         3
 Portal Projectile        Hex/Tloc       4%         N/A       65%         3
 Cause Fear               Hex            2%         N/A       88%         4

Inventory:

Hand Weapons
 Y - a +1 sling (weapon)
Armour
 f - a +0 leather armour (worn)
Scrolls
 b - a scroll of vulnerability {unknown}
 c - a scroll of identify
 e - a scroll of teleportation {unknown}
 h - a scroll of revelation {unknown}
Potions
 a - a potion of berserk rage {unknown}
 d - a potion of curing
 g - a potion of might {unknown}
 j - a potion of mutation {unknown}

Dungeon Overview and Level Annotations

Branches:
Dungeon (2/15)

Altars:


Message History

The sling bullet barely misses the gnoll.
The sling bullet closely misses the gnoll.
The gnoll shouts!
You hear a shout!
A gnoll bouda comes into view. It is wielding a +0 club.
A gnoll comes into view. It is wielding a +0 whip.
1425 ||| Stepping ~*~*~tactically~*~*~ (outnumbered).
You shoot a sling bullet.
The sling bullet completely misses the gnoll.
The gnoll bouda barks out a call to the hunt!
The gnolls pick up the pace!
You shoot a sling bullet.
The sling bullet barely misses the gnoll.
You shoot a sling bullet. The sling bullet hits the gnoll.
The gnoll is heavily wounded.
The gnoll closely misses you.
The gnoll hits you from afar with a +0 spear.
A quokka comes into view.
The gnoll closely misses you.
You shoot a sling bullet. The sling bullet hits the gnoll.
The gnoll is severely wounded.
The gnoll hits you from afar with a +0 spear!
The gnoll closely misses you.
You shoot a sling bullet.
The sling bullet barely misses the gnoll.
The gnoll hits you from afar with a +0 spear.
The gnoll barely misses you. The gnoll hits you with a +0 whip!
You shoot a sling bullet. The sling bullet hits the gnoll.
The gnoll is severely wounded.
The gnoll closely misses you. The gnoll misses you. You furiously retaliate!
You headbutt the gnoll.
You kill the gnoll!
The gnoll bouda calls upon its god to heal the gnoll.
The gnoll's wounds heal themselves!
The gnoll hits you with a +0 whip.
The gnoll hits you from afar with a +0 spear!
Your Ranged Weapons skill increases to level 5!
You shoot a sling bullet. The sling bullet hits the gnoll.
The gnoll is moderately wounded.
The gnoll barely misses you. The gnoll hits you with a +0 whip.
You die...

.... .+ g.. #.....
.# ... #..... .#....
###.....#####.#..
..............g#
...........ggg.###..
..........@).......
#.................
#.................
#................)
#................. 7
#.................
..
#.................
#P.
##.............#...
#~.~
#..............#...


You could see a gnoll bouda and 3 gnolls.

Vanquished Creatures
  An iguana (D:4)
  A gnoll (D:4)
  A worm (D:2)
  3 dart slugs (D:1)
  5 ball pythons
  5 endoplasms
  4 giant cockroaches
  5 goblins
  4 hobgoblins
  8 jackals
  2 kobolds
  3 quokkas
  5 bats
  4 frilled lizards
  3 rats (D:1)
54 creatures vanquished.

Notes
Turn   | Place    | Note
-------+----------+-------------------------------------------
     0 | D:1      | qw the Minotaur Hexslinger began the quest for the Orb.
     0 | D:1      | Reached XP level 1. HP: 16/16 MP: 1/1
     0 | D:1      | 0 ||| qw: Version: 0.3-a-51-g015441d
     0 | D:1      | 0 ||| qw: Game counter: 4407
     0 | D:1      | 0 ||| qw: Melee chars always use a shield: true
     0 | D:1      | 0 ||| qw: God list: Okawaru
     0 | D:1      | 0 ||| qw: Allow faded altars: false
     0 | D:1      | 0 ||| qw: Do Orc after clearing Dungeon:15 true
     0 | D:1      | 0 ||| qw: Do second Lair branch before Depths: true
     0 | D:1      | 0 ||| qw: Lair rune preference: random
     0 | D:1      | 0 ||| qw: Goals: Normal
     0 | D:1      | 0 ||| PLANNING D:1-11
    85 | D:1      | Reached skill level 3 in Ranged Weapons
    85 | D:1      | Reached XP level 2. HP: 23/23 MP: 2/2
   505 | D:1      | Reached XP level 3. HP: 27/29 MP: 3/3
   887 | D:1      | 887 ||| UPGRADING to +0 leather armour.
   897 | D:1      | 897 ||| DROPPING +0 robe.
   898 | D:1      | 898 ||| READING scroll labelled INUJAICIMEH.
   899 | D:1      | 899 ||| READING scroll labelled INWYTIOWAA.
   900 | D:1      | 900 ||| READING scroll labelled QUOR YVIETS.
   901 | D:1      | 901 ||| DRINKING 2 cyan potions.
   902 | D:1      | 902 ||| DROPPING scroll of poison.
   915 | D:2      | Reached skill level 4 in Ranged Weapons
   979 | D:2      | 979 ||| FLEEEEING.
   981 | D:2      | 981 ||| FLEEEEING.
   982 | D:2      | 982 ||| FLEEEEING.
   983 | D:2      | 983 ||| FLEEEEING.
   984 | D:2      | 984 ||| FLEEEEING.
   985 | D:2      | 985 ||| FLEEEEING.
   986 | D:2      | 986 ||| FLEEEEING.
   987 | D:2      | 987 ||| FLEEEEING.
   988 | D:2      | 988 ||| FLEEEEING.
   989 | D:2      | 989 ||| FLEEEEING.
   990 | D:2      | 990 ||| FLEEEEING.
   991 | D:2      | 991 ||| FLEEEEING.
   996 | D:2      | 996 ||| FLEEEEING.
   997 | D:2      | 997 ||| FLEEEEING.
   998 | D:2      | 998 ||| FLEEEEING.
   999 | D:2      | 999 ||| FLEEEEING.
  1000 | D:2      | 1000 ||| FLEEEEING.
  1001 | D:2      | 1001 ||| FLEEEEING.
  1002 | D:2      | 1002 ||| FLEEEEING.
  1009 | D:2      | 1009 ||| STAIRDANCE
  1056 | D:2      | 1056 ||| STAIRDANCE
  1258 | D:2      | You fall into a shaft and drop 2 floors!
  1301 | D:4      | Reached XP level 4. HP: 22/36 MP: 4/4
  1425 | D:4      | 1425 ||| Stepping ~*~*~tactically~*~*~ (outnumbered).
  1431 | D:4      | HP: 2/36 [gnoll/+0 spear[a gnoll bouda] (8)]
  1432 | D:4      | Reached skill level 5 in Ranged Weapons
  1432 | D:4      | Slain by a gnoll

Levels and vault maps discovered:
D:1:      enne_arrival_octagon_isle, layout_loops_corners
D:2:      layout_loops_cross
D:4:      layout_basic, mainiacjoe_overflow_big_doors,
          dreamdust_princess_bridge, uniq_robin

Skill      XL: |  1  2  3  4 |
---------------+-------------+-----
Ranged Weapons | 3 4 5 |  5.0
Fighting       | 2 |  2.0
Dodging        | |  2.1
Spellcasting   | |  1.0
Hexes          | |  2.0

Action                     |  1- 3 |  4- 6 || total
---------------------------+-------+-------++-------
   Fire: Sling             |   136 |    24 ||   160
    Use: Scroll            |     3 |       ||     3
         Potion            |     1 |       ||     1
 Armour: Robe              |    11 |       ||    11
         Leather armour    |    10 |       ||    10
  Dodge: Dodged            |    53 |     9 ||    62

Table legend:
 A = Non-vault XP
 B = Vault XP
 C = Vault XP percentage of total XP
 D = Non-vault monster count
 E = Vault monster count
 F = Vault count percentage of total count
                 A         B        C        D         E       F
            +---------+---------+-------+---------+---------+-------
      Total |     148 |       0 |   0.0 |      54 |       0 |   0.0
            +---------+---------+-------+---------+---------+-------
        D:1 |      65 |       0 |   0.0 |      35 |       0 |   0.0
        D:2 |      24 |       0 |   0.0 |      12 |       0 |   0.0
        D:4 |      59 |       0 |   0.0 |       7 |       0 |   0.0
            +---------+---------+-------+---------+---------+-------
